 Dungeon Crawl Stone Soup version 0.26.1-11-gd32895ea62 (webtiles) character file.

Game seed: 12235657506886840129

17875 ubername the Frost Mage (level 12, -4/84 HPs)
             Began as a Barachi Ice Elementalist on July 19, 2021.
             Was an Elder of Vehumet.
             Slain by a red ugly thing (14 damage)
             ... on level 12 of the Dungeon.
             The game lasted 01:11:59 (20277 turns).

ubername the Frost Mage (Barachi Ice Elementalist) Turns: 20277, Time: 01:11:59

Health: -4/84      AC:  5    Str: 10    XL:     12   Next: 52%
Magic:  21/30      EV: 16    Int: 19    God:    Vehumet [****..]
Gold:   642        SH:  0    Dex: 20    Spells: 9/35 levels left

rFire    . . .     SeeInvis .   y - +3 short sword
rCold    + . .     Faith    .   (no shield)
rNeg     + . .     Spirit   .   t - +2 robe {rN+}
rPois    +         Reflect  .   (no helmet)
rElec    .         Harm     .   g - scarf {repulsion}
rCorr    .         Rampage  .   c - +0 pair of gloves
Will     .....                  (no boots)
Stlth    +++.......             (no amulet)
HPRegen  0.24/turn              J - +6 ring of dexterity
MPRegen  0.22/turn              K - ring of protection from cold

@: frozen ramparts, repel missiles, slow
A: +LOS, swims, high mp 1, poison resistance, slowness 1, strong legs 1
a: Hop, Renounce Religion


You were on level 12 of the Dungeon.
You worshipped Vehumet.
Vehumet was greatly pleased with you.
You visited 2 branches of the dungeon, and saw 14 of its levels.
You also visited: Ossuary.

You collected 904 gold pieces.
You spent 262 gold pieces at shops.

Inventory:

Hand Weapons
 a - a +5 dagger of freezing
 s - a +0 hunting sling
 x - a +0 dagger of electrocution
 y - a +3 short sword (weapon)
 G - a +3 falchion
 I - a +1 dagger of venom
Missiles
 e - 262 stones
 f - 50 poisoned darts (quivered)
 l - 32 boomerangs
Armour
 c - a +0 pair of gloves (worn)
 g - a scarf of repulsion (worn)
 t - a +2 robe of positive energy (worn)
Magical Staves
 k - an uncursed staff of death
 F - an uncursed staff of fire
Jewellery
 D - a +6 ring of strength
 J - a +6 ring of dexterity (left hand)
 K - a ring of protection from cold (right hand)
Wands
 b - a wand of paralysis (6)
 E - a wand of acid (9)
 H - a wand of polymorph (6)
Scrolls
 d - a scroll of immolation
 h - 6 scrolls of remove curse
 m - 2 scrolls of enchant weapon
 u - a scroll of fog
 v - 2 scrolls of amnesia
 w - a scroll of enchant armour
 B - a scroll of teleportation
Potions
 i - 7 potions of curing
 j - a potion of brilliance
 o - a potion of lignification
 p - a potion of haste
 q - 4 potions of might
 r - 3 potions of resistance
 A - 6 potions of flight
 C - a potion of berserk rage
Miscellaneous
 z - a phantom mirror


   Skills:
 + Level 4.3 Fighting
 + Level 5.1 Short Blades
 + Level 0.9 Maces & Flails
 + Level 6.8 Throwing
 + Level 5.2 Dodging
 + Level 4.0 Stealth
 + Level 12.1 Spellcasting
 + Level 2.1 Conjurations
 + Level 1.5 Hexes
 * Level 3.5 Fire Magic
 + Level 12.5 Ice Magic
 + Level 2.0 Air Magic
 + Level 4.5 Earth Magic
 + Level 0.8 Evocations


You had 9 spell levels left.
You knew the following spells:

 Your Spells              Type           Power        Failure   Level
a - Freeze                Ice            100%         1%          1
b - Frozen Ramparts       Ice            100%         1%          3
c - Ozocubu's Armour      Ice            56%          1%          3
d - Sandblast             Erth           56%          1%          1
e - Inner Flame           Hex/Fire       21%          1%          3
f - Hailstorm             Conj/Ice       39%          1%          4
g - Static Discharge      Conj/Air       19%          2%          3
h - Stone Arrow           Conj/Erth      48%          1%          3
i - Fireball              Conj/Fire      11%          13%         5

Your spell library contained the following spells:

 Spells                   Type           Power        Failure   Level
 Shock                    Conj/Air       76%          1%          1
 Swiftness                Air            19%          4%          2
 Summon Ice Beast         Ice/Summ       35%          4%          4
 Airstrike                Air            9%           7%          4
 Portal Projectile        Hex/Tloc       28%          13%         3
 Lightning Bolt           Conj/Air       9%           17%         5
 Gell's Gravitas          Tloc           5%           19%         3
 Summon Lightning Spire   Summ/Air       15%          36%         4
 Silence                  Hex/Air        9%           63%         5
 Conjure Ball Lightning   Conj/Air       9%           65%         6
 Dispersal                Tloc           5%           100%        6
 Disjunction              Tloc           5%           100%        8
 Tornado                  Air            9%           100%        9


Dungeon Overview and Level Annotations

Branches:
Dungeon (13/15)            Temple (1/1) D:5            Lair (0/6) D:11
    Orc (0/2) D:9         Ossuary (visited)
 Vaults: D:13-14

Altars:
Ashenzari
Cheibriados
Dithmenos
Elyvilon
Fedhas
Gozag
Hepliaklqana
Kikubaaqudgha
Makhleb
Nemelex Xobeh
Okawaru
Qazlal
Ru
Sif Muna
Trog
Uskayaw
Vehumet
Wu Jian
Xom
Yredelemnul
Zin
The Shining One

Shops:
D:4 *   D:5 [   D:7 !


Innate Abilities, Weirdness & Mutations

You can be seen from farther away. (+LOS)
You can swim through water.
You cover ground slowly.
You can hop short distances.
You have an increased reservoir of magic. (+10% MP)
Your system is resistant to poisons. (rPois)


Message History

You are engulfed in flames!
The wall freezes the four-headed hydra.
The four-headed hydra seems to slow down.
The four-headed hydra bites you!
The four-headed hydra bites you but does no damage.
The four-headed hydra closely misses you.
The four-headed hydra misses you. The heat melts your icy armour.
You hit the red ugly thing but do no damage.
The red ugly thing is severely wounded.
The wall freezes the red ugly thing.
The red ugly thing trunk-slaps you.
* * * LOW HITPOINT WARNING * * *
You are engulfed in flames!
* * * LOW HITPOINT WARNING * * *
The heat melts your icy armour.
You feel better.
The wall freezes the red ugly thing!
The red ugly thing trunk-slaps you.
* * * LOW HITPOINT WARNING * * *
You are engulfed in flames!
Your icy armour melts away.
You die...

#.........#####..#######
#.........# #..#
#.........# #..#
#.........# #..#
#.........#####..#
#................#######
....................!..#
##..####.......# #.
#@.###### # #uD# #..#
#..# #..# #........#
............
..........###
...u####..#


You could see a four-headed hydra (slow) and a red ugly thing.

Vanquished Creatures
  A hydra (D:11)
  A boulder beetle (D:11)
  2 centaur warriors
  2 two-headed ogres
  An ugly thing (D:11)
  3 cyclopes
  A deep elf mage (D:8)
  A gargoyle (D:10)
  A kobold demonologist (D:11)
  4 trolls
  Grinder (D:4)
  A water elemental (D:11)
  A wraith (D:12)
  4 wyverns
  A shadow (D:12)
  13 yaks
  2 humans (D:7)
  A vampire mosquito (D:8)
  Duvessa (D:5)
  4 black bears
  6 orc warriors
  4 sky beasts
  4 ogres
  An eye of draining (D:12)
  A phantom (D:9)
  4 wolves (D:11)
  5 centaurs
  5 big kobolds
  9 bullfrogs
  Dowan (D:5)
  A wyvern skeleton (D:10)
  9 killer bees (D:10)
  6 wights
  4 electric eels (D:11)
  3 howler monkeys
  4 centaur zombies
  A wyvern simulacrum (D:11)
  20 orc wizards
  2 human zombies (Ossuary)
  9 orc priests
  9 hounds
  3 bullfrog skeletons
  A centaur skeleton (D:6)
  Jessica (D:2)
  7 iguanas
  6 worker ants
  A hound zombie (D:5)
  2 mummies (Ossuary)
  20 adders
  3 gnolls (D:3)
  A howler monkey skeleton (D:8)
  2 shadow imps
  A white imp (D:9)
  3 ufetubi
  An ooze (D:3)
  4 adder skeletons
  2 worms
  3 dart slugs (D:1)
  6 leopard geckos
  81 orcs
  A ball python (D:3)
  12 bats
  6 giant cockroaches
  8 goblins
  4 hobgoblins
  18 jackals
  4 quokkas
  6 frilled lizards
  3 gnoll zombies (Ossuary)
  A goblin zombie (Ossuary)
  A jackal skeleton (D:5)
  29 kobolds
  A kobold zombie (Ossuary)
  5 rats
401 creatures vanquished.

Notes
Turn   | Place    | Note
-------+----------+-------------------------------------------
     0 | D:1      | ubername the Barachi Ice Elementalist began the quest for
                  | the Orb.
     0 | D:1      | Reached XP level 1. HP: 13/13 MP: 3/3
   270 | D:1      | Reached skill level 5 in Ice Magic
   369 | D:1      | Reached XP level 2. HP: 19/19 MP: 5/5
   895 | D:1      | Reached XP level 3. HP: 23/24 MP: 6/6
   899 | D:1      | Learned a level 3 spell: Frozen Ramparts
   903 | D:1      | Learned a level 3 spell: Ozocubu's Armour
  1628 | D:2      | Reached skill level 1 in Throwing
  1648 | D:2      | Reached skill level 1 in Fighting
  1746 | D:2      | Noticed a black bear
  1764 | D:2      | Killed a black bear
  1765 | D:2      | Reached skill level 1 in Short Blades
  1765 | D:2      | Reached XP level 4. HP: 24/32 MP: 0/8
  1765 | D:2      | Reached XP level 5. HP: 27/37 MP: 0/9
  2220 | D:2      | Noticed Jessica
  2229 | D:2      | Killed Jessica
  2638 | D:2      | Found a hazy altar of Hepliaklqana.
  2800 | D:3      | Reached XP level 6. HP: 43/43 MP: 3/10
  3841 | D:4      | Found Qyde's General Store.
  3863 | D:4      | Bought a scarf of repulsion for 132 gold pieces
  3885 | D:4      | Noticed Grinder
  3896 | D:4      | Paralysed by Grinder for 2 turns
  4274 | D:4      | Reached XP level 7. HP: 37/49 MP: 5/12
  4677 | D:5      | Entered Level 5 of the Dungeon
  4688 | D:5      | Found a glowing golden altar of the Shining One.
  5437 | D:5      | Noticed Duvessa
  5437 | D:5      | Noticed Dowan
  5449 | D:5      | Killed Duvessa
  5453 | D:5      | Killed Dowan
  5454 | D:5      | Reached skill level 5 in Spellcasting
  5454 | D:5      | Reached XP level 8. HP: 44/56 MP: 2/15
  5555 | D:5      | Found a staircase to the Ecumenical Temple.
  5562 | Temple   | Entered the Ecumenical Temple
  5631 | Temple   | Became a worshipper of Vehumet
  5948 | D:5      | Found a radiant altar of Vehumet.
  6835 | D:5      | Found Hushros's Armour Emporium.
  7601 | D:6      | Reached * piety under Vehumet
  7601 | D:6      | Offered knowledge of Sandblast by Vehumet.
  7604 | D:6      | Learned a level 1 spell: Sandblast
  7675 | D:6      | Found a sacrificial altar of Ru.
  7705 | D:6      | Reached XP level 9. HP: 62/62 MP: 11/18
  7952 | D:7      | Found an iron altar of Okawaru.
  7964 | D:7      | Reached skill level 5 in Throwing
  8496 | D:7      | Found Suneeg's Distillery.
  8507 | D:7      | Bought a potion of heal wounds for 50 gold pieces
  8507 | D:7      | Bought a potion of heal wounds for 50 gold pieces
  8507 | D:7      | Bought a potion of curing for 30 gold pieces
  8810 | D:8      | Offered knowledge of Magic Dart by Vehumet.
  8882 | D:8      | Found a sand-covered staircase.
  8898 | Ossuary  | Entered an ossuary
  9112 | Ossuary  | Reached ** piety under Vehumet
  9928 | D:8      | Noticed a troll
  9939 | D:8      | Killed a troll
  9940 | D:8      | Reached skill level 1 in Earth Magic
 10072 | D:8      | Noticed a deep elf mage
 10083 | D:8      | Killed a deep elf mage
 10084 | D:8      | Reached skill level 10 in Ice Magic
 10084 | D:8      | Reached XP level 10. HP: 62/69 MP: 16/22
 10217 | D:8      | Noticed a centaur warrior
 10226 | D:8      | Killed a centaur warrior
 10724 | D:8      | Noticed a two-headed ogre
 10966 | D:8      | Offered knowledge of Conjure Flame by Vehumet.
 11528 | D:9      | Reached *** piety under Vehumet
 11579 | D:9      | Found a staircase to the Orcish Mines.
 11708 | D:9      | Offered knowledge of Inner Flame by Vehumet.
 11730 | D:9      | Learned a level 3 spell: Inner Flame
 11735 | D:9      | Learned a level 4 spell: Hailstorm
 11744 | D:9      | Noticed a centaur warrior
 11756 | D:9      | Killed a centaur warrior
 11757 | D:9      | Reached skill level 10 in Spellcasting
 12098 | D:9      | Reached XP level 11. HP: 64/75 MP: 20/25
 12411 | D:9      | Reached skill level 1 in Hexes
 12662 | D:10     | Entered Level 10 of the Dungeon
 12793 | D:9      | Learned a level 3 spell: Static Discharge
 12873 | D:10     | Reached **** piety under Vehumet
 12874 | D:10     | Reached skill level 1 in Conjurations
 13535 | D:10     | Offered knowledge of Stone Arrow by Vehumet.
 13536 | D:10     | Reached skill level 1 in Air Magic
 13743 | D:10     | Gained mutation: Your system is resistant to poisons.
                  | (rPois) [potion of mutation]
 13743 | D:10     | Gained mutation: You have an increased reservoir of magic.
                  | (+10% MP) [potion of mutation]
 13816 | D:10     | Learned a level 3 spell: Stone Arrow
 14327 | D:10     | Noticed a two-headed ogre
 14337 | D:10     | Killed a two-headed ogre
 15129 | D:4      | Killed Grinder
 15401 | D:11     | Noticed a five-headed hydra
 15408 | D:11     | Noticed a white ugly thing
 15409 | D:11     | Killed a five-headed hydra
 15664 | D:11     | Noticed a cyclops
 15764 | D:11     | Reached skill level 5 in Short Blades
 15860 | D:11     | Noticed a boulder beetle
 15872 | D:11     | Killed a boulder beetle
 16161 | D:11     | Noticed a cyclops
 16188 | D:11     | Killed a cyclops
 16356 | D:11     | Killed a cyclops
 16357 | D:11     | Reached XP level 12. HP: 83/83 MP: 28/30
 16699 | D:11     | Found an opulent altar of Gozag.
 16778 | D:11     | Reached ***** piety under Vehumet
 17034 | D:11     | Reached skill level 5 in Dodging
 17295 | D:11     | Offered knowledge of Fireball by Vehumet.
 17324 | D:11     | Learned a level 5 spell: Fireball
 17851 | D:11     | Found a staircase to the Lair.
 18294 | D:11     | Reached skill level 1 in Fire Magic
 18860 | D:12     | Noticed a two-headed ogre
 18871 | D:12     | Killed a two-headed ogre
 19711 | D:12     | Found a shadowy altar of Dithmenos.
 20264 | D:12     | Noticed a four-headed hydra
 20277 | D:12     | Slain by a red ugly thing

Illustrated notes

Levels and vault maps discovered:
D:1:      onia_arrival_pyramid, layout_basic, serial_park_tiny_1,
          minmay_indecisive_spiral
D:2:      layout_loops_ring, general_overflow_altar, minmay_pentomino_o4,
          uniq_jessica
D:3:      layout_rooms
D:4:      layout_basic, serial_shops, shop, uniq_grinder
D:5:      layout_basic, temple_statues, serial_shops, kennysheep_little_box,
          hangedman_feature_mirror, lemuel_flamethrower_2, uniq_duvessa
D:6:      layout_rooms, nicolae_ru_the_path_less_chosen
D:7:      layout_basic, okawaru_humans, serial_shops, shop,
          kennysheep_generic_room_14
D:8:      layout_loops_corners, enter_ossuary_1, minmay_evil_grid
D:9:      layout_roguey, hiddenorc2_lemuel
D:10:     layout_long_grid
D:11:     layout_stronghold, erik_lair_island, basic_altar, minmay_holes
D:12:     layout_small_grid, nicolae_dithmenos_through_a_glass_darkly
D:13:     erik_rubicon_a, layout_basic, roderic_lattice_a, hangedman_ranch
          [blue_anna_fruit_fields]
Temple:   regret_index_temple_chain_breaker

Skill      XL: |  1  2  3  4  5  6  7  8  9 10 11 12 |
---------------+-------------------------------------+-----
Ice Magic      | 5 6 7 8 10 12 | 12.5
Throwing       | 2 3 4 5 6 |  6.8
Fighting       | 1 2 3 4 |  4.3
Short Blades   | 1 2 3 4 5 |  5.1
Stealth        | 2 3 4 |  4.0
Spellcasting   | 3 5 6 8 10 11 12 | 12.1
Dodging        | 3 4 5 |  5.2
Earth Magic    | 1 3 4 |  4.5
Hexes          | 1 |  1.5
Conjurations   | 2 |  2.1
Air Magic      | 1 2 |  2.0
Fire Magic     | 3 |  3.5
Maces & Flails | |  0.9
Evocations     | |  0.8

Action                   |  1- 3 |  4- 6 |  7- 9 | 10-12 || total
-------------------------+-------+-------+-------+-------++-------
Melee: Whip              |     9 |       |       |       ||     9
       Dagger            |    34 |    51 |   156 |   255 ||   496
       Short sword       |       |       |       |    21 ||    21
Throw: Dart              |    48 |    55 |    81 |   145 ||   329
       Stone             |     4 |       |       |       ||     4
       Boomerang         |       |       |       |    13 ||    13
 Cast: Freeze            |     4 |     1 |     2 |     8 ||    15
       Ozocubu's Armour  |     3 |    12 |    39 |    58 ||   112
       Frozen Ramparts   |     1 |    19 |    47 |    78 ||   145
       Sandblast         |       |       |    27 |   102 ||   129
       Hailstorm         |       |       |       |    19 ||    19
       Inner Flame       |       |       |       |    13 ||    13
       Static Discharge  |       |       |       |    25 ||    25
       Stone Arrow       |       |       |       |    15 ||    15
       Fireball          |       |       |       |     2 ||     2
 Abil: Hop               |       |       |     2 |     5 ||     7
Evoke: Wand              |       |       |       |     1 ||     1
  Use: Scroll            |       |    11 |     2 |    11 ||    24
       Potion            |       |     6 |     2 |     6 ||    14
 Stab: Sleeping          |     1 |     4 |     5 |     3 ||    13
Armor: Robe              |    10 |    27 |    49 |    78 ||   164
Dodge: Dodged            |    50 |    46 |   133 |   291 ||   520
       Repelled          |       |       |     2 |     4 ||     6
